 Dungeon Sprint DCSS version 0.18-a0-1788-g92de1ac (webtiles) character file.

884 Kidiri the Covert (level 7, 0/35 HPs)
             Began as a Spriggan Enchanter on Apr 19, 2016.
             Was a Believer of Dithmenos.
             Slain by a killer bee (14 damage)
             ... in the Dungeon (Sprint IV: "Fedhas' Mad Dash").
             The game lasted 00:04:21 (1085 turns).

Kidiri the Covert (Spriggan Enchanter)              Turns: 1085, Time: 00:04:21

Health: 0/35       AC:  4    Str:  4    XL:     7   Next: 76%
Magic:  4/20       EV: 24    Int: 18    God:    Dithmenos [**....]
Gold:   134        SH:  6    Dex: 17    Spells: 5 memorised, 11 levels left

rFire  . . .     SeeInvis +     a - +1 dagger
rCold  . . .     Gourm    .     b - +1 robe
rNeg   . . .     Faith    .     m - +0 buckler
rPois  .         Spirit   .     (helmet restricted)
rElec  .         Dismiss  .     k - +0 cloak {+Inv}
rCorr  .         Reflect  .     (gloves unavailable)
SustAt .         Harm     .     (boots unavailable)
MR     +....     NoTele   +     (no amulet)
Stlth  +++++++...               (no ring)
                                n - ring of flight

@: lethally poisoned (0 -> -4), wreathed by umbra, very quick, somewhat
resistant to hostile enchantments, extremely stealthy
A: unfitting armour, see invisible, herbivore 3, speed 3, slow metabolism 2
a: Shadow Step, Renounce Religion, Evoke Invisibility, Evoke Flight


You were in the Dungeon.
You worshipped Dithmenos.
Dithmenos was pleased with you.
You were full.

You visited 1 branch You collected 134 gold pieces.

Inventory:

Hand Weapons
 a - a +1 dagger (weapon)
 l - a +0 dagger of holy wrath
Armour
 b - a +1 robe (worn)
 k - a +0 cloak of invisibility (worn)
 m - a +0 buckler (worn)
Jewellery
 n - a ring of flight (left hand)
Scrolls
 j - a scroll of blinking
Potions
 f - a potion of heal wounds
 g - a potion of haste
 h - 2 potions of magic
 i - a potion of berserk rage
Books
 c - a book of Maledictions

   Spells                             Type                      Level
   a - Corona                         Hexes                        1
   b - Ensorcelled Hibernation        Hexes/Ice                    2
   c - Confuse                        Hexes                        3
   d - Tukima's Dance                 Hexes                        3
   e - Dazzling Spray                 Conjuration/Hexes            3


   Skills:
 + Level 2.2 Fighting
 * Level 7.7 Short Blades
 * Level 9.0 Dodging
 * Level 11.5 Stealth
 + Level 2.0 Shields
 * Level 8.7 Spellcasting
 + Level 2.5 Conjurations
 + Level 7.1 Hexes
 + Level 3.5 Ice Magic
 - Level 3.4 Invocations
 + Level 5.3 Evocations


You had 11 spell levels left.
You knew the following spells:

 Your Spells              Type           Power        Failure   Level  Hunger
a - Corona                Hex            ####...      1%          1    None
b - Ensorcelled Hibernat  Hex/Ice        ####..       1%          2    None
c - Confuse               Hex            ####....     1%          3    None
d - Tukima's Dance        Hex            ####....     1%          3    None
e - Dazzling Spray        Conj/Hex       ####....     6%          3    None


Dungeon Overview and Level Annotations

Branches:
Dungeon (1/1)

Altars:
Cheibriados
Dithmenos
Elyvilon
Gozag
Kikubaaqudgha
Makhleb
Nemelex Xobeh
Okawaru
Pakellas
Qazlal
Ru
Sif Muna
Trog
Vehumet
Xom
Yredelemnul
Zin
The Shining One
Beogh
Jiyva
Lugonu

Shops:
D **}=


Innate Abilities, Weirdness & Mutations

You are tiny and cannot use many weapons and most armour.
You have supernaturally acute eyesight.
You are a herbivore.
You cover ground extremely quickly.
You need consume almost no food.


Message History

You are poisoned.
The killer bee poisons you! The killer bee completely misses you.
The queen bee barely misses you.
Unknown command.
Casting: Confuse
Confirm with . or Enter, or press ? or * to list all spells.
Aiming: Dazzling Spray
Press: ? - help, Shift-Dir - straight line, f/p - killer bee
Aim: a killer bee (berserk, fast, unusually strong, umbra)
The spray of energy misses the killer bee.
The spray of energy hits the queen bee.
The queen bee is dazzled.
The killer bee buzzes angrily.
You feel sick. The killer bee completely misses you.
You block the killer bee's attack. The killer bee barely misses you.
The queen bee completely misses you.
Unknown command.
You hit the queen bee.
The queen bee is lightly wounded.
The killer bee closely misses you. The killer bee stings you!
You die...

################################
#<..P#.....#.....#.⌠...._....⌠.#
#PP.%'.....'.#%[.+._._._._._._.+
#PPPP#...%.#.#...#_._._._._._._#
###############@##._._._._._._.#
y.y♣......†.yyy.#.⌠...._....⌠.#
y.y...♣.....#.y.###############
y ♣..♣..###### #+#####


You could see a queen bee (blind) and 3 killer bees.

Vanquished Creatures
  A burning bush (D)
  2 wandering mushrooms (D)
  A killer bee (D)
  2 scorpions (D)
  4 oklob saplings (D)
  A worker ant (D)
  2 spriggans (D)
  A river rat (D)
  A rat (D)
15 creatures vanquished.

Notes
Turn   | Place    | Note
--------------------------------------------------------------
     0 | D        | Kidiri the Spriggan Enchanter began the quest for the Orb.
     0 | D        | Reached XP level 1. HP: 9/9 MP: 5/5
     8 | D        | Reached skill level 5 in Stealth
     8 | D        | Reached XP level 2. HP: 13/13 MP: 5/7
    17 | D        | Learned a level 2 spell: Ensorcelled Hibernation
    55 | D        | Noticed an oklob sapling
    56 | D        | Killed an oklob sapling
    56 | D        | Reached skill level 6 in Stealth
    56 | D        | Reached skill level 1 in Ice Magic
    56 | D        | Reached XP level 3. HP: 16/16 MP: 7/9
    61 | D        | Learned a level 3 spell: Confuse
    65 | D        | Learned a level 3 spell: Tukima's Dance
    77 | D        | Reached skill level 7 in Stealth
    98 | D        | Noticed an oklob sapling
   101 | D        | Killed an oklob sapling
   101 | D        | Reached skill level 5 in Dodging
   101 | D        | Reached skill level 5 in Spellcasting
   101 | D        | Reached skill level 5 in Hexes
   101 | D        | Reached skill level 1 in Evocations
   101 | D        | Reached XP level 4. HP: 21/21 MP: 9/12
   217 | D        | Learned a level 3 spell: Dazzling Spray
   218 | D        | Found a snail-covered altar of Cheibriados.
   218 | D        | Found a glowing silver altar of Zin.
   218 | D        | Found a white marble altar of Elyvilon.
   219 | D        | Found a viscous altar of Jiyva.
   219 | D        | Found a radiant altar of Vehumet.
   219 | D        | Found a deep blue altar of Sif Muna.
   219 | D        | Found a burning altar of Makhleb.
   219 | D        | Found an oddly glowing altar of Pakellas.
   219 | D        | Found an ancient bone altar of Kikubaaqudgha.
   219 | D        | Found a bloodstained altar of Trog.
   219 | D        | Found a corrupted altar of Lugonu.
   219 | D        | Found a sacrificial altar of Ru.
   220 | D        | Found a sparkling altar of Nemelex Xobeh.
   220 | D        | Found a glowing golden altar of the Shining One.
   221 | D        | Found a shadowy altar of Dithmenos.
   222 | D        | Found a shimmering altar of Xom.
   222 | D        | Found an iron altar of Okawaru.
   223 | D        | Found an opulent altar of Gozag.
   224 | D        | Found a roughly hewn altar of Beogh.
   224 | D        | Found a basalt altar of Yredelemnul.
   225 | D        | Reached skill level 5 in Short Blades
   225 | D        | Reached skill level 8 in Stealth
   226 | D        | Found a stormy altar of Qazlal.
   230 | D        | Became a worshipper of Dithmenos the Shadowed
   385 | D        | Reached XP level 5. HP: 24/24 MP: 8/14
   535 | D        | Reached skill level 9 in Stealth
   535 | D        | Reached skill level 1 in Invocations
   541 | D        | Reached * piety under Dithmenos
   541 | D        | Reached skill level 1 in Conjurations
   645 | D        | Found Ysaby's Assorted Antiques.
   645 | D        | Found Fakyxohe's General Store.
   708 | D        | Noticed a burning bush
   708 | D        | Noticed a wandering mushroom
   709 | D        | Noticed a wandering mushroom
   712 | D        | Killed a burning bush
   712 | D        | Reached skill level 1 in Fighting
   712 | D        | Reached skill level 10 in Stealth
   712 | D        | Reached skill level 1 in Shields
   712 | D        | Reached XP level 6. HP: 30/30 MP: 13/17
   741 | D        | Killed a wandering mushroom
   741 | D        | Reached XP level 7. HP: 20/34 MP: 16/19
   746 | D        | Killed a wandering mushroom
   746 | D        | Reached skill level 11 in Stealth
   746 | D        | Reached skill level 5 in Evocations
   871 | D        | Found Wuvusuph's Gadget Shoppe.
   872 | D        | Found Qemmanoi's Jewellery Emporium.
  1055 | D        | Noticed a queen bee
  1065 | D        | Reached ** piety under Dithmenos
  1085 | D        | Slain by a killer bee

Vault maps used:
D:        dungeon_sprint_fedhas

Skill      XL: |  1  2  3  4  5  6  7 |
---------------+----------------------+-----
Short Blades   | 2 3 4 5 6 7 |  7.7
Stealth        | 5 6 7 8 10 11 | 11.5
Spellcasting   | 3 4 5 6 7 8 |  8.7
Hexes          | 4 5 6 7 |  7.1
Dodging        | 4 5 7 8 9 |  9.0
Ice Magic      | 1 2 3 |  3.5
Evocations     | 1 2 4 5 |  5.3
Invocations    | 2 3 |  3.4
Conjurations   | 1 2 |  2.5
Fighting       | 1 2 |  2.2
Shields        | 1 2 |  2.0

Action                   |  1- 3 |  4- 6 |  7- 9 || total
-------------------------+-------+-------+-------++-------
Melee: Dagger            |     5 |    36 |     5 ||    46
 Cast: Ensorcelled Hiber |     1 |       |     5 ||     6
       Dazzling Spray    |       |     5 |     1 ||     6
       Confuse           |       |       |     4 ||     4
 Abil: Evoke Invisibilit |     1 |     4 |     1 ||     6
  Use: Potion            |       |       |     1 ||     1
 Stab: Sleeping          |     5 |     2 |     1 ||     8
       Invisible         |       |     6 |       ||     6
       Confused          |       |       |     2 ||     2
  Eat: Bread ration      |       |       |     1 ||     1
Dodge: Dodged            |     2 |    15 |    13 ||    30
Block: Buckler           |       |     3 |     4 ||     7
